[Event "Romania GP Final-Prel 2024"]
[Site "Alba Iulia"]
[Date "2024.11.25"]
[Round "1.1"]
[White "Stanciu, Alexandru-Ovidiu"]
[Black "Dragomirescu, Angela"]
[Result "1-0"]
[ECO "A53"]
[WhiteElo "2337"]
[BlackElo "2060"]
[Annotator "RC"]
[PlyCount "58"]
[EventDate "2024.11.22"]
[EventType "tourn"]
[EventCountry "ROU"]
[SourceTitle "playchess.com"]
[Source "ChessBase"]
[SourceQuality "1"]
[TimeControl "900+5"]

1. d4 d6 2. c4 e5 3. Nc3 Nd7 4. g3 Ngf6 5. Bg2 Be7 6. e3 c6 7. Nge2 O-O 8. O-O Re8 9. b3 Bf8 10. Qc2 Qc7 11. Bb2 Rb8 12. Rac1 a6 13. h3 b6 14. g4 h6 15. Ng3 exd4 16. exd4 b5 17. Nce2 bxc4 18. Qxc4 c5 19. Rfd1 Bb7 20. dxc5 dxc5 21. Qf4 Qxf4 22. Nxf4 Ne5 23. Bxe5 Rxe5 24. Nd3 Re6 25. Nxc5 Bxc5 26. Rxc5 Bxg2 27. Kxg2 Ne4 28. Nxe4 Rxe4 29. Rd6 Ra8 1-0

[Event "Romania GP Final-Prel 2024"]
[Site "Alba Iulia"]
[Date "2024.11.25"]
[Round "1.2"]
[White "Deac, Bogdan-Daniel"]
[Black "Kozak, Adam"]
[Result "1/2-1/2"]
[ECO "B52"]
[WhiteElo "2687"]
[BlackElo "2591"]
[Annotator "TA"]
[PlyCount "58"]
[EventDate "2024.11.22"]
[EventType "tourn"]
[EventCountry "ROU"]
[SourceTitle "playchess.com"]
[Source "ChessBase"]
[SourceQuality "1"]
[TimeControl "900+5"]

1. e4 c5 2. Nf3 d6 3. Bb5+ Bd7 4. Bxd7+ Nxd7 5. Qe2 e6 6. c3 Ngf6 7. d4 cxd4 8. cxd4 d5 9. e5 Ne4 10. O-O Be7 11. Nbd2 ({White should try} 11. Ne1 $14) 11... Nxd2 $11 {[%emt 0:00:03] The position is equal.} 12. Bxd2 O-O 13. Rac1 Rc8 14. Qb5 {[%emt 0:02:08] [#] Rxc8 is the strong threat.} Nb6 15. Rxc8 Qxc8 16. b3 Qe8 17. Qa5 Qb8 18. h4 Rc8 19. Rc1 Rxc1+ 20. Bxc1 h6 21. Ba3 Bxa3 22. Qxa3 {[%emt 0:00:01][%mdl 4096] Endgame. KQN-KQN} Nd7 23. g3 a6 24. Qe7 Qc8 25. Kg2 Nb8 26. Ne1 Nc6 27. Qc5 Qf8 28. Qxf8+ Kxf8 29. Nc2 Ke7 {[%emt 0:00:30] A rather calm draw.   Weighted Error Value: White=0.05 (flawless) /Black=0.02 (flawless) .  OK:         	White=8     	Black=14} 1/2-1/2

[Event "Romania GP Final-Prel 2024"]
[Site "Alba Iulia"]
[Date "2024.11.25"]
[Round "1.3"]
[White "Kantor, Gergely"]
[Black "Obada, Ema"]
[Result "1-0"]
[ECO "D31"]
[WhiteElo "2554"]
[BlackElo "2060"]
[Annotator "RC"]
[PlyCount "67"]
[EventDate "2024.11.22"]
[EventType "tourn"]
[EventCountry "ROU"]
[SourceTitle "playchess.com"]
[Source "ChessBase"]
[SourceQuality "1"]
[TimeControl "900+5"]

1. d4 d5 2. c4 e6 3. Nc3 a6 4. cxd5 exd5 5. a3 c6 6. Bf4 Nf6 7. e3 Bd6 8. Bxd6 Qxd6 9. Bd3 O-O 10. h3 Re8 11. Nge2 Be6 12. O-O Nbd7 13. Qd2 Rad8 14. Rae1 h6 15. b4 a5 16. bxa5 Qxa3 17. Ra1 Qe7 18. Rfb1 Rb8 19. Na4 Ne4 20. Bxe4 dxe4 21. Qb4 Qg5 22. Nf4 Bd5 23. Qd6 Red8 24. Nc3 Nf6 25. Qc5 Qf5 26. Rb2 Qd7 27. Rab1 Rdc8 28. Na4 Rc7 29. Nb6 Qd8 30. a6 Kh8 31. a7 Ra8 32. Nxa8 Qxa8 33. Rxb7 Rxb7 34. Rxb7 1-0

[Event "Romania GP Final-Prel 2024"]
[Site "Alba Iulia"]
[Date "2024.11.25"]
[Round "1.4"]
[White "Manolache, Marius"]
[Black "Gavrilescu, David"]
[Result "1/2-1/2"]
[ECO "A13"]
[WhiteElo "2407"]
[BlackElo "2545"]
[Annotator "RC"]
[PlyCount "66"]
[EventDate "2024.11.22"]
[EventType "tourn"]
[EventCountry "ROU"]
[SourceTitle "playchess.com"]
[Source "ChessBase"]
[SourceQuality "1"]
[TimeControl "900+5"]

1. Nf3 d5 2. e3 Nf6 3. b3 e6 4. Bb2 Bd6 5. c4 c5 6. Be2 O-O 7. O-O Nc6 8. d4 cxd4 9. cxd5 exd5 10. Nxd4 Re8 11. Nd2 Bc7 12. Rc1 Qd6 13. g3 a6 14. Qc2 Bh3 15. Rfd1 Bb6 16. Nxc6 Rac8 17. Qd3 Rxc6 18. Nc4 Qe6 19. Nxb6 Rxc1 20. Rxc1 Qxb6 21. Qd4 Qe6 22. Bd3 h5 23. Qf4 Ne4 24. Bxe4 Qxe4 25. Qxe4 dxe4 26. Rc5 Bg4 27. Bd4 f6 28. Kf1 Re7 29. Ke1 Kf7 30. Kd2 Rd7 31. Kc3 Ke6 32. h4 Kd6 33. Kb4 Rc7 1/2-1/2

[Event "Romania GP Final-Prel 2024"]
[Site "Alba Iulia"]
[Date "2024.11.25"]
[Round "1.5"]
[White "Cnejev, Vladimir-Alexandru"]
[Black "Nedelcu, Teodor-Cosmin"]
[Result "1/2-1/2"]
[ECO "B40"]
[WhiteElo "2288"]
[BlackElo "2320"]
[Annotator "RC"]
[PlyCount "82"]
[EventDate "2024.11.22"]
[EventType "tourn"]
[EventCountry "ROU"]
[SourceTitle "playchess.com"]
[Source "ChessBase"]
[SourceQuality "1"]
[TimeControl "900+5"]

1. e4 c5 2. Nf3 e6 3. d4 cxd4 4. Nxd4 Nf6 5. Bd3 Nc6 6. Nxc6 bxc6 7. Bf4 d5 8. Nd2 Be7 9. O-O O-O 10. e5 Ne8 11. c4 f5 12. cxd5 cxd5 13. Nb3 Bd7 14. Qe2 Nc7 15. Rac1 a6 16. Nd4 Nb5 17. Be3 Nxd4 18. Bxd4 Qa5 19. a3 Rfc8 20. Rxc8+ Bxc8 21. Rc1 Bd7 22. Qe3 Qa4 23. g3 Rc8 24. Rxc8+ Bxc8 25. Bc5 f4 26. gxf4 Qd1+ 27. Bf1 Qg4+ 28. Bg2 Qd1+ 29. Bf1 Qg4+ 30. Kh1 d4 31. Qe4 Bxc5 32. Qc6 Bf8 33. Qxc8 Qf3+ 34. Kg1 Qg4+ 35. Kh1 Qf3+ 36. Kg1 Qg4+ 37. Kh1 d3 38. Qd8 Qf3+ 39. Kg1 Qg4+ 40. Kh1 Qf3+ 41. Kg1 Qg4+ 1/2-1/2

[Event "Romania GP Final-Prel 2024"]
[Site "Alba Iulia"]
[Date "2024.11.25"]
[Round "1.6"]
[White "Ghimpu, Samuel-Timotei"]
[Black "Secheres, Adrian-Simion"]
[Result "0-1"]
[ECO "A48"]
[WhiteElo "2473"]
[BlackElo "2350"]
[Annotator "RC"]
[PlyCount "110"]
[EventDate "2024.11.22"]
[EventType "tourn"]
[EventCountry "ROU"]
[SourceTitle "playchess.com"]
[Source "ChessBase"]
[SourceQuality "1"]
[TimeControl "900+5"]

1. Nf3 Nf6 2. d4 g6 3. Nbd2 c5 4. dxc5 Qa5 5. a3 Qxc5 6. b4 Qc7 7. Bb2 Bg7 8. e3 O-O 9. c4 d6 10. Be2 b6 11. O-O Bb7 12. Qb3 Nbd7 13. Rac1 Rac8 14. Qa2 Qb8 15. Rfd1 Qa8 16. Bf1 Rc7 17. Nd4 a6 18. Qa1 Rfc8 19. N4b3 d5 20. cxd5 Bxd5 21. Rxc7 Rxc7 22. f3 Qc8 23. e4 Bb7 24. Rc1 Bh6 25. Rxc7 Qxc7 26. Nc4 Bf4 27. g3 Bh6 28. Bd4 b5 29. Nca5 Nh5 30. Qc3 Qxc3 31. Bxc3 Be3+ 32. Kg2 Bc8 33. f4 Nhf6 34. Kf3 Bg1 35. Bd4 Bxd4 36. Nxd4 Nb6 37. f5 gxf5 38. exf5 Nfd5 39. Bd3 Kg7 40. Be4 h6 41. Nab3 Kf6 42. Nc5 Nc3 43. Bc2 Nc4 44. a4 bxa4 45. Nxa4 Nxa4 46. Bxa4 Bxf5 47. Nxf5 Kxf5 48. Bc2+ Ke5 49. Kg4 Ne3+ 50. Kh5 Nxc2 51. Kxh6 Nxb4 52. h4 Kf5 53. Kg7 Kg4 54. Kxf7 a5 55. Kg6 Nd3 0-1

[Event "Romania GP Final-Prel 2024"]
[Site "Alba Iulia"]
[Date "2024.11.25"]
[Round "1.7"]
[White "Santos Latasa, Jaime"]
[Black "Lupulescu, Constantin"]
[Result "1/2-1/2"]
[ECO "B30"]
[WhiteElo "2630"]
[BlackElo "2591"]
[Annotator "RC"]
[PlyCount "66"]
[EventDate "2024.11.22"]
[EventType "tourn"]
[EventCountry "ROU"]
[SourceTitle "playchess.com"]
[Source "ChessBase"]
[SourceQuality "1"]
[TimeControl "900+5"]

1. e4 c5 2. Nf3 Nc6 3. Nc3 Nf6 4. Bb5 g6 5. d3 Bg7 6. e5 Ng4 7. Bxc6 bxc6 8. Qe2 f6 9. e6 d5 10. Bf4 O-O 11. O-O c4 12. d4 f5 13. Ne5 Nxe5 14. Bxe5 Bxe5 15. Qxe5 Rf6 16. Na4 Rxe6 17. Qf4 Re4 18. Qd2 e5 19. dxe5 Rxe5 20. Rfe1 Rxe1+ 21. Rxe1 Qf8 22. Qa5 Bd7 23. Nc5 Qd6 24. Nb7 Qf8 25. Nc5 Qd6 26. h3 f4 27. Nb7 Qf6 28. Qc7 Re8 29. Rxe8+ Bxe8 30. Qb8 Qe7 31. Nd6 Kf8 32. Nxe8 Qxe8 33. Qxf4+ Kg8 1/2-1/2

[Event "Romania GP Final-Prel 2024"]
[Site "Alba Iulia"]
[Date "2024.11.25"]
[Round "1.8"]
[White "Sachilaru, Alexandru"]
[Black "Nisipeanu, Liviu-Dieter"]
[Result "0-1"]
[ECO "C77"]
[WhiteElo "2305"]
[BlackElo "2596"]
[Annotator "RC"]
[PlyCount "96"]
[EventDate "2024.11.22"]
[EventType "tourn"]
[EventCountry "ROU"]
[SourceTitle "playchess.com"]
[Source "ChessBase"]
[SourceQuality "1"]
[TimeControl "900+5"]

1. e4 e5 2. Nf3 Nc6 3. Bb5 a6 4. Ba4 Nf6 5. Bxc6 dxc6 6. d3 Bd6 7. O-O Bg4 8. Be3 Qe7 9. Nbd2 Nd7 10. a3 O-O-O 11. b4 f5 12. exf5 Nf6 13. h3 Bxf5 14. Ng5 Rhf8 15. Nge4 Qe6 16. Qe2 h6 17. Rfb1 Nd5 18. a4 Bxb4 19. Bc5 Nf4 20. Qe3 Bxd2 21. Nxd2 Qg6 22. g3 Nxh3+ 23. Kg2 Nf4+ 24. Kg1 Rfe8 25. Rb3 Nd5 26. Qf3 e4 27. Nxe4 Bxe4 28. dxe4 Qxe4 29. Qxe4 Rxe4 30. a5 Rc4 31. Ba3 Rxc2 32. Rab1 Nc3 33. Re1 Rd1 34. Rxd1 Nxd1 35. Rf3 b5 36. axb6 cxb6 37. Bf8 g6 38. Bxh6 a5 39. Bg7 b5 40. g4 b4 41. Rf8+ Kb7 42. f4 Ne3 43. f5 gxf5 44. Rf7+ Ka6 45. gxf5 Rg2+ 46. Kh1 Rf2 47. Bd4 Rf1+ 48. Kh2 Nxf5 0-1

[Event "Romania GP Final-Prel 2024"]
[Site "Alba Iulia"]
[Date "2024.11.25"]
[Round "2.1"]
[White "Deac, Bogdan-Daniel"]
[Black "Dragomirescu, Angela"]
[Result "1-0"]
[ECO "A46"]
[WhiteElo "2687"]
[BlackElo "2060"]
[Annotator "TA"]
[PlyCount "38"]
[EventDate "2024.11.22"]
[EventType "tourn"]
[EventCountry "ROU"]
[SourceTitle "playchess.com"]
[Source "ChessBase"]
[SourceQuality "1"]
[TimeControl "900+5"]

1. d4 d6 2. Nf3 Nf6 3. Bf4 Nbd7 4. Nc3 c6 5. e4 g6 6. e5 Nh5 7. Be3 Qc7 8. exd6 {[%emt 0:03:47] White is slightly better.} Qxd6 9. Ne4 ({White should try} 9. a4 $14) 9... Qc7 $11 10. Bc4 {[%emt 0:00:10] Nfg5 is the strong threat.} Nb6 11. Bb3 Bg7 {[%emt 0:00:57] Prevents Ne5.} 12. Ng3 Nf4 13. O-O O-O 14. Re1 Nbd5 15. Bd2 c5 16. c4 Nb4 17. Re4 $1 Ne6 (17... Nbd3 $14) 18. d5 $16 Nd4 {[%emt 0:00:07] [#]} (18... f5 {is a better chance.}) 19. Nxd4 $18 Bxd4 {[%emt 0:00:12] Weighted Error Value: White=0.07 (flawless) /Black=0.40.  Mistake:       	White=1     	Black=2      Inaccurate:     	White=1     	Black=1      OK:         	White=7     	Black=5      Strong:       	White=1     	---} 1-0

[Event "Romania GP Final-Prel 2024"]
[Site "Alba Iulia"]
[Date "2024.11.25"]
[Round "2.2"]
[White "Kozak, Adam"]
[Black "Stanciu, Alexandru-Ovidiu"]
[Result "1/2-1/2"]
[ECO "B10"]
[WhiteElo "2591"]
[BlackElo "2337"]
[Annotator "RC"]
[PlyCount "133"]
[EventDate "2024.11.22"]
[EventType "tourn"]
[EventCountry "ROU"]
[SourceTitle "playchess.com"]
[Source "ChessBase"]
[SourceQuality "1"]
[TimeControl "900+5"]

1. e4 c6 2. Nf3 d5 3. exd5 cxd5 4. Ne5 Nc6 5. d4 a6 6. c4 g6 7. Be3 Bg7 8. Nc3 Nf6 9. cxd5 Nxd5 10. Nxd5 Qxd5 11. Nxc6 Qxc6 12. Rc1 Qb6 13. Qb3 Qxb3 14. axb3 O-O 15. Rc7 e5 16. d5 Rd8 17. Bd3 Rxd5 18. Be4 Rd7 19. Rxd7 Bxd7 20. Bxb7 Rb8 21. Bd5 Be6 22. Bxe6 fxe6 23. Kd2 Rxb3 24. Kc2 Rb5 25. Rd1 e4 26. Rd8+ Kf7 27. b3 Rb7 28. Rd6 Rc7+ 29. Kb1 a5 30. Rd2 Bf8 31. Rd4 e5 32. Rxe4 Kf6 33. Bd2 Kf5 34. Ra4 Rb7 35. Kc2 Bb4 36. Bxb4 axb4 37. Kd3 Rd7+ 38. Ke3 Rb7 39. h3 h5 40. g3 Rb6 41. Ke2 Ke4 42. Ra8 Rc6 43. Rb8 Rc2+ 44. Kf1 Kf3 45. Rf8+ Ke4 46. Rb8 Rb2 47. Rxb4+ Kf3 48. Ke1 e4 49. Rb6 Re2+ 50. Kd1 Rxf2 51. Rf6+ Kxg3 52. Rxg6+ Kf3 53. Rf6+ Ke3 54. Rh6 Rd2+ 55. Kc1 Rd5 56. Kc2 Ke2 57. b4 e3 58. Re6 Kf2 59. Rf6+ Ke1 60. Re6 e2 61. Re8 Rd4 62. b5 Rb4 63. Re5 Kf2 64. Rf5+ Ke3 65. Re5+ Kf2 66. Rf5+ Ke3 67. Re5+ 1/2-1/2

[Event "Romania GP Final-Prel 2024"]
[Site "Alba Iulia"]
[Date "2024.11.25"]
[Round "2.3"]
[White "Manolache, Marius"]
[Black "Obada, Ema"]
[Result "1/2-1/2"]
[ECO "D30"]
[WhiteElo "2407"]
[BlackElo "2060"]
[Annotator "RC"]
[PlyCount "79"]
[EventDate "2024.11.22"]
[EventType "tourn"]
[EventCountry "ROU"]
[SourceTitle "playchess.com"]
[Source "ChessBase"]
[SourceQuality "1"]
[TimeControl "900+5"]

1. d4 e6 2. Nf3 d5 3. c4 a6 4. e3 Nf6 5. Nbd2 b6 6. Be2 Bd6 7. b3 Bb7 8. O-O O-O 9. Bb2 Nbd7 10. Rc1 Re8 11. Ne5 c5 12. cxd5 exd5 13. f4 Rc8 14. a4 cxd4 15. Rxc8 Qxc8 16. exd4 Bb4 17. Rf3 Bxd2 18. Qxd2 Ne4 19. Qd1 f6 20. Ng4 Qc7 21. Bd3 Qd6 22. Ne3 Rc8 23. Qe1 Nf8 24. f5 Re8 25. Qc1 Rc8 26. Qe1 Re8 27. h4 Nd7 28. g3 Nb8 29. Kh2 Nc6 30. Nxd5 Nb4 31. Nxb4 Qxb4 32. Re3 Qxb3 33. Bxe4 Qxb2+ 34. Kh3 Bxe4 35. Rxe4 Rxe4 36. Qxe4 h6 37. Qe8+ Kh7 38. Qg6+ Kg8 39. Qe8+ Kh7 40. Qg6+ 1/2-1/2

[Event "Romania GP Final-Prel 2024"]
[Site "Alba Iulia"]
[Date "2024.11.25"]
[Round "2.4"]
[White "Gavrilescu, David"]
[Black "Kantor, Gergely"]
[Result "0-1"]
[ECO "C47"]
[WhiteElo "2545"]
[BlackElo "2554"]
[Annotator "RC"]
[PlyCount "90"]
[EventDate "2024.11.22"]
[EventType "tourn"]
[EventCountry "ROU"]
[SourceTitle "playchess.com"]
[Source "ChessBase"]
[SourceQuality "1"]
[TimeControl "900+5"]

1. e4 e5 2. Nf3 Nc6 3. Nc3 Nf6 4. d4 exd4 5. Nxd4 Bb4 6. Nxc6 bxc6 7. Bd3 O-O 8. O-O d5 9. exd5 cxd5 10. h3 c5 11. Qf3 Be6 12. Rd1 h6 13. Bf4 Qe7 14. Qg3 c4 15. Be2 Kh8 16. Be5 Rfd8 17. Bf3 Bd6 18. Nb5 Bxe5 19. Qxe5 Rab8 20. Nd4 Qd6 21. Qxd6 Rxd6 22. b3 Bd7 23. Ne2 Rc8 24. Rd2 Bf5 25. Nd4 Be4 26. Rad1 Ra6 27. a4 Rb6 28. Re1 cxb3 29. cxb3 Bxf3 30. gxf3 Rc7 31. Re5 Rb4 32. Kg2 Kh7 33. Rd3 a6 34. f4 g6 35. h4 Kg7 36. Kf3 Rc1 37. f5 Rh1 38. fxg6 Kxg6 39. Kg3 Nh5+ 40. Kg4 Nf6+ 41. Kg3 Nh5+ 42. Kg4 f5+ 43. Kf3 Rh3+ 44. Kg2 Nf4+ 45. Kg1 Rxd3 0-1

[Event "Romania GP Final-Prel 2024"]
[Site "Alba Iulia"]
[Date "2024.11.25"]
[Round "2.5"]
[White "Ghimpu, Samuel-Timotei"]
[Black "Nedelcu, Teodor-Cosmin"]
[Result "1-0"]
[ECO "B45"]
[WhiteElo "2473"]
[BlackElo "2320"]
[Annotator "RC"]
[PlyCount "115"]
[EventDate "2024.11.22"]
[EventType "tourn"]
[EventCountry "ROU"]
[SourceTitle "playchess.com"]
[Source "ChessBase"]
[SourceQuality "1"]
[TimeControl "900+5"]

1. e4 c5 2. Nf3 e6 3. d4 cxd4 4. Nxd4 Nf6 5. Nc3 Nc6 6. a3 Be7 7. Nxc6 bxc6 8. e5 Nd5 9. Qg4 g6 10. Qg3 Qb6 11. Ne4 Ba6 12. Bxa6 Qxa6 13. Bg5 Qc4 14. Qh4 Kd8 15. Bxe7+ Nxe7 16. O-O-O Qa2 17. Ng5 Ke8 18. Qd4 Nd5 19. Ne4 Rb8 20. c4 Nb6 21. Nd6+ Kf8 22. Kc2 Na4 23. Rb1 Qb3+ 24. Kc1 Kg7 25. Rd1 Rhf8 26. Rd3 Nc5 27. Rc3 Qb6 28. Qf4 Nb3+ 29. Kc2 f5 30. Qe3 Nd4+ 31. Kd1 c5 32. b4 Qc6 33. f3 f4 34. Qd3 Nf5 35. b5 Qc7 36. Kc2 Rb6 37. Rd1 Ne3+ 38. Kb3 Nxd1 39. Qxd1 a6 40. a4 axb5 41. cxb5 Ra8 42. Rc4 Rf8 43. Qd2 g5 44. Qc3 Kg8 45. Rxc5 Qb8 46. Rc7 Rd8 47. Kb4 Qa8 48. Rc8 Rxc8 49. Qxc8+ Qxc8 50. Nxc8 Rb8 51. Nd6 Kf8 52. a5 Ke7 53. a6 Ra8 54. Ka5 Kd8 55. b6 Rb8 56. a7 Ra8 57. Ka6 h5 58. b7 1-0

[Event "Romania GP Final-Prel 2024"]
[Site "Alba Iulia"]
[Date "2024.11.25"]
[Round "2.6"]
[White "Secheres, Adrian-Simion"]
[Black "Cnejev, Vladimir-Alexandru"]
[Result "1/2-1/2"]
[ECO "D37"]
[WhiteElo "2350"]
[BlackElo "2288"]
[Annotator "RC"]
[PlyCount "110"]
[EventDate "2024.11.22"]
[EventType "tourn"]
[EventCountry "ROU"]
[SourceTitle "playchess.com"]
[Source "ChessBase"]
[SourceQuality "1"]
[TimeControl "900+5"]

1. d4 d5 2. c4 e6 3. Nf3 Nf6 4. Nc3 Be7 5. Bf4 O-O 6. e3 c5 7. dxc5 Bxc5 8. Qc2 Nc6 9. a3 Re8 10. Rd1 e5 11. Bg5 d4 12. Nd5 Be7 13. Nxe7+ Qxe7 14. e4 h6 15. Bc1 a5 16. b3 b6 17. Be2 Bb7 18. O-O Rac8 19. Nh4 Qe6 20. Bd3 Ne7 21. Qe2 g5 22. Nf3 Ng6 23. g3 Qh3 24. Ne1 Rc7 25. f3 Qe6 26. Bd2 Rec8 27. b4 Ba6 28. c5 Bxd3 29. Nxd3 axb4 30. axb4 Nd7 31. cxb6 Qxb6 32. Rc1 Qb5 33. Kf2 Kf8 34. Rxc7 Rxc7 35. Rc1 Rc6 36. Rxc6 Qxc6 37. Qd1 Qc4 38. Ke2 Nb6 39. Qc1 Ne7 40. Qxc4 Nxc4 41. b5 Ke8 42. Bb4 Nc8 43. f4 gxf4 44. gxf4 exf4 45. Nxf4 N4d6 46. b6 Kd7 47. Bxd6 Nxd6 48. Kd3 Kc6 49. Nd5 f5 50. Ne7+ Kxb6 51. Nxf5 Nxf5 52. exf5 Kc5 53. Ke4 d3 54. Kxd3 Kd5 55. Ke3 Ke5 1/2-1/2

[Event "Romania GP Final-Prel 2024"]
[Site "Alba Iulia"]
[Date "2024.11.25"]
[Round "2.7"]
[White "Sachilaru, Alexandru"]
[Black "Lupulescu, Constantin"]
[Result "0-1"]
[ECO "B30"]
[WhiteElo "2305"]
[BlackElo "2591"]
[Annotator "RC"]
[PlyCount "96"]
[EventDate "2024.11.22"]
[EventType "tourn"]
[EventCountry "ROU"]
[SourceTitle "playchess.com"]
[Source "ChessBase"]
[SourceQuality "1"]
[TimeControl "900+5"]

1. e4 c5 2. Nf3 Nc6 3. Bb5 Nf6 4. e5 Nd5 5. O-O g6 6. Nc3 Nc7 7. Bxc6 dxc6 8. h3 Bg7 9. d3 Ne6 10. Re1 h6 11. Ne4 b6 12. a4 a5 13. b3 Qc7 14. Bb2 O-O 15. Qd2 f5 16. exf6 exf6 17. Ng3 Bd7 18. Re2 Rae8 19. Rae1 Kh7 20. d4 cxd4 21. Nxd4 Nxd4 22. Qxd4 c5 23. Qc3 Rxe2 24. Rxe2 Bc6 25. Qe1 Rf7 26. Ne4 Qd8 27. Rd2 Qe7 28. Re2 Qf8 29. h4 h5 30. Re3 Rd7 31. Rd3 Rxd3 32. cxd3 Bd5 33. Qc3 f5 34. Qxg7+ Qxg7 35. Bxg7 Kxg7 36. Nd2 f4 37. g3 Kf6 38. Kh2 Ke5 39. Nc4+ Bxc4 40. dxc4 f3 41. Kh3 Kf5 42. g4+ Kf4 43. g5 Kf5 44. Kg3 Ke4 45. Kh2 Kd3 46. Kh3 Kd2 47. Kh2 Ke1 48. Kg3 Ke2 0-1

[Event "Romania GP Final-Prel 2024"]
[Site "Alba Iulia"]
[Date "2024.11.25"]
[Round "3.1"]
[White "Dragomirescu, Angela"]
[Black "Kozak, Adam"]
[Result "0-1"]
[ECO "A04"]
[WhiteElo "2060"]
[BlackElo "2591"]
[Annotator "RC"]
[PlyCount "77"]
[EventDate "2024.11.22"]
[EventType "tourn"]
[EventCountry "ROU"]
[SourceTitle "playchess.com"]
[Source "ChessBase"]
[SourceQuality "1"]
[TimeControl "900+5"]

1. e4 c5 2. Nf3 d6 3. d3 Nc6 4. Nbd2 e5 5. g3 g6 6. Bg2 Bg7 7. O-O Nge7 8. c3 O-O 9. a3 b6 10. b4 h6 11. b5 Na5 12. Nc4 Nxc4 13. dxc4 Be6 14. Qe2 a6 15. Rd1 Qd7 16. Rb1 axb5 17. cxb5 Ra4 18. Ne1 Bc4 19. Qd2 Rd8 20. Nc2 Bxb5 21. c4 Bxc4 22. Rxb6 Nc6 23. Ne3 Be6 24. Qb2 Ra7 25. Nd5 Kh7 26. Be3 Nd4 27. Rb1 Bxd5 28. exd5 Rda8 29. Rb7 Qa4 30. h4 h5 31. Rxa7 Qxa7 32. Be4 f5 33. Bg2 c4 34. Qb4 c3 35. Qxd6 c2 36. Ra1 Qa4 37. Qc7 Ra7 38. Qc8 e4 39. Kh1 0-1

[Event "Romania GP Final-Prel 2024"]
[Site "Alba Iulia"]
[Date "2024.11.25"]
[Round "3.2"]
[White "Stanciu, Alexandru-Ovidiu"]
[Black "Deac, Bogdan-Daniel"]
[Result "0-1"]
[ECO "B31"]
[WhiteElo "2337"]
[BlackElo "2687"]
[Annotator "TA"]
[PlyCount "76"]
[EventDate "2024.11.22"]
[EventType "tourn"]
[EventCountry "ROU"]
[SourceTitle "playchess.com"]
[Source "ChessBase"]
[SourceQuality "1"]
[TimeControl "900+5"]

1. e4 c5 2. Nf3 Nc6 3. Bb5 g6 4. O-O Bg7 5. Re1 e5 6. a3 Nge7 7. b4 b6 8. Nc3 {[%emt 0:01:39] The position is equal.} O-O 9. d3 h6 10. Bc4 d6 11. b5 Nd4 12. Nxd4 cxd4 13. Nd5 Be6 14. c3 (14. a4 $11) 14... Bxd5 $17 15. Bxd5 (15. exd5 $142 dxc3 16. Ra2) 15... Nxd5 16. exd5 dxc3 17. Qb3 Rc8 18. Ra2 Qd7 19. a4 Rc7 20. Rc2 Rfc8 21. Ba3 f5 $1 22. Qb4 Rc5 $2 (22... e4 $19 23. dxe4 Rc4 24. Qxd6 Qxd6 25. Bxd6 fxe4 (25... Rxa4 26. e5 $15)) 23. Qb3 $1 $11 R5c7 $2 (23... e4 $11 24. Bxc5 dxc5 (24... exd3 25. Rxc3 Bxc3 26. Qxc3 $14)) 24. Qb4 $1 $19 Qf7 25. Qb3 {[%emt 0:00:25] [#]} e4 $1 26. dxe4 {[%emt 0:00:07] [#]} fxe4 ({Better is} 26... Be5 $1 $19 27. Bc1 f4) 27. Rxe4 $17 Qf5 28. Re6 (28. f3 $17) 28... Rc4 $19 29. h3 $2 {[%emt 0:00:11] [#]} (29. Bc1) 29... Qxd5 $2 (29... Rd4 $1 $19 {[%cal Rd4d1] has better winning chances. ( -> ...Rd1+)} 30. Rc1 Rd2 (30... Qxd5 $2 31. Qxd5 Rxd5 32. Rxg6 $19) (30... Rxd5 $2 {loses.} 31. Rxd6 Bh8 32. Qxd5+ $18)) 30. Rxd6 $17 Qe4 $40 {[%emt 0:00:03][%mdl 128] Black goes for the king. Black is more active.} 31. Rd1 {[%emt 0:00:09] Inhibits Qe1+.} (31. Kf1 $17 {is a better defense.}) 31... Kh7 $19 32. a5 (32. f3 $142 Qe3+ 33. Kh1) 32... bxa5 33. Bc1 a4 34. Qa2 Rb8 $2 ({Black should try} 34... Qf5 $19 35. Re2 c2 (35... Qxb5 $2 36. Qc2 $19)) 35. f3 $2 (35. Re2 $1 $11 {and White is okay.} c2 36. Rdd2) 35... Qe6 {[%emt 0:00:06] aiming for ...Qb6+.} 36. Re2 Qf7 37. Be3 (37. Re4 {might work better.} Rbc8 (37... c2 38. Rd2 $11) 38. h4) 37... Rxb5 {[%emt 0:00:03] Strongly threatening ...Rb2.} 38. Bf2 $2 (38. Bc1) 38... Rb2 {[%emt 0:00:04] Weighted Error Value: White=0.66/Black=0.42.  Loses game:     	White=2     	---        Missed win:     	---       	Black=3      Mistake:       	White=7     	Black=2      Inaccurate:     	White=1     	Black=1      OK:         	White=9     	Black=13     Best:        	White=1     	Black=3      Strong:       	White=2     	---} 0-1

[Event "Romania GP Final-Prel 2024"]
[Site "Alba Iulia"]
[Date "2024.11.25"]
[Round "3.3"]
[White "Obada, Ema"]
[Black "Gavrilescu, David"]
[Result "0-1"]
[ECO "B90"]
[WhiteElo "2060"]
[BlackElo "2545"]
[Annotator "RC"]
[PlyCount "98"]
[EventDate "2024.11.22"]
[EventType "tourn"]
[EventCountry "ROU"]
[SourceTitle "playchess.com"]
[Source "ChessBase"]
[SourceQuality "1"]
[TimeControl "900+5"]

1. e4 c5 2. Nf3 d6 3. d4 cxd4 4. Nxd4 Nf6 5. Nc3 a6 6. f3 e5 7. Nb3 Be6 8. Be3 Be7 9. Qd2 h5 10. Be2 Nbd7 11. Nd5 Nxd5 12. exd5 Bf5 13. O-O O-O 14. f4 exf4 15. Bxf4 Rc8 16. Nd4 Bg6 17. Kh1 Bf6 18. c4 Re8 19. Rae1 Nc5 20. Nb3 Ne4 21. Qb4 Bxb2 22. Qxb7 Qh4 23. Qa7 Be5 24. Bxe5 Rxe5 25. Kg1 Nc3 26. g3 Qg5 27. Qf2 h4 28. Nd4 hxg3 29. hxg3 Ne4 30. Qg2 Nxg3 31. Nf3 Nxe2+ 32. Rxe2 Qxg2+ 33. Rxg2 Re4 34. Nd2 Rd4 35. Re1 Bf5 36. Re7 Rb8 37. Rf2 g6 38. Rc7 Kg7 39. Nb3 Rg4+ 40. Kf1 Rh8 41. Ke2 Rh3 42. c5 Re4+ 43. Kd2 dxc5 44. Rxc5 Re5 45. Nc1 Be4 46. Ne2 Rd3+ 47. Ke1 Rdxd5 48. Rxd5 Bxd5 49. Kd2 Bxa2 0-1

[Event "Romania GP Final-Prel 2024"]
[Site "Alba Iulia"]
[Date "2024.11.25"]
[Round "3.4"]
[White "Kantor, Gergely"]
[Black "Manolache, Marius"]
[Result "1-0"]
[ECO "B48"]
[WhiteElo "2554"]
[BlackElo "2407"]
[Annotator "RC"]
[PlyCount "121"]
[EventDate "2024.11.22"]
[EventType "tourn"]
[EventCountry "ROU"]
[SourceTitle "playchess.com"]
[Source "ChessBase"]
[SourceQuality "1"]
[TimeControl "900+5"]

1. e4 c5 2. Nf3 e6 3. d4 cxd4 4. Nxd4 Nc6 5. Nc3 Qc7 6. Be3 a6 7. Qf3 Nf6 8. O-O-O h5 9. Nxc6 dxc6 10. h3 b5 11. e5 Nd5 12. Bf4 Bb7 13. Ne4 O-O-O 14. Nd6+ Bxd6 15. exd6 Qa5 16. Kb1 c5 17. Bd2 Qb6 18. Qxf7 Rxd6 19. Qxg7 Rhd8 20. Be2 c4 21. Bg5 R8d7 22. Qd4 Qxd4 23. Rxd4 e5 24. Rdd1 Nf4 25. Bxf4 exf4 26. Bxh5 Bxg2 27. Bg4 Kc7 28. Bxd7 Bxh1 29. Rxd6 Kxd6 30. Bc8 a5 31. Ba6 Kc5 32. h4 Bf3 33. Kc1 b4 34. Kd2 Bh5 35. c3 Bg6 36. Bb7 Bh5 37. Be4 Kd6 38. Bg2 Kc5 39. Bh3 Kd5 40. Bf1 Bf7 41. Be2 Kd6 42. Bf3 Kc5 43. h5 Kd6 44. Ke1 Ke5 45. Kd2 Kf6 46. Be2 Bd5 47. Kc1 Kg5 48. cxb4 axb4 49. a3 bxa3 50. bxa3 f3 51. Bd1 Kxh5 52. Kd2 Kg4 53. Ke3 c3 54. Kd4 Ba8 55. Kxc3 Kf4 56. Kd4 Kg4 57. Ke3 Bb7 58. a4 Bc6 59. a5 Bb7 60. Bc2 Kg5 61. Be4 1-0